 Dungeon Crawl Stone Soup version 0.16.2-2-g470672f (webtiles) character file.

568 HiobMontag the Ruffian (level 7, -3/44 HPs)
             Began as a Gargoyle Monk on Aug 27, 2015.
             Was a Believer of Fedhas.
             Slain by an ogre
             ... wielding a +0 giant spiked club
              (27 damage)
             ... on level 4 of the Dungeon.
             The game lasted 00:21:12 (5056 turns).

HiobMontag the Ruffian (Gargoyle Monk)              Turns: 5056, Time: 00:21:12

Health: -3/44      AC:  9    Str: 16    XL:     7   Next: 33%
Magic:  7/7        EV: 13    Int: 11    God:    Fedhas [**....]
Gold:   77         SH:  0    Dex: 12    Spells: 0 memorised, 6 levels left

rFire  . . .     SeeInvis .       - Unarmed
rCold  . . .     Clarity  .     a - +1 robe
rNeg   + . .     SustAb   .     (no shield)
rPois  ∞         Gourm    .     (no helmet)
rElec  +         Spirit   .     y - +0 cloak
rCorr  .         Warding  .     m - +0 pair of gloves
rMut   .         Stasis   .     (no boots)
MR     .....                    (no amulet)
Stlth  ++........               (no ring)
                                (no ring)

@: not resistant to hostile enchantments, unstealthy
A: high mp 1, negative energy resistance 1, electricity resistance, unbreathing,
petrification resistance, rot immunity, AC +4
a: Evolution, Sunlight, Renounce Religion


You were on level 4 of the Dungeon.
You worshipped Fedhas.
Fedhas was pleased with you.
You were hungry.

You visited 1 branch of the dungeon, and saw 5 of its levels.

You collected 165 gold pieces.
You spent 88 gold pieces at shops.

Inventory:

Hand weapons
 k - a +4 hand axe
 p - a +0 shortbow
Missiles
 d - 32 stones (quivered)
 q - 15 arrows
Armour
 a - a +1 robe (worn)
 m - a +0 pair of gloves (worn)
 y - a +0 cloak (worn)
Jewellery
 w - an uncursed ring of stealth {unknown}
Magical devices
 x - a wand of invisibility (4)
Scrolls
 e - a scroll of identify
 f - 2 scrolls of remove curse
 h - 2 scrolls of blinking
 j - 3 scrolls of magic mapping
 r - a scroll of enchant weapon {unknown}
 s - a scroll of teleportation
 t - a scroll of random uselessness
Potions
 c - a potion of cancellation {unknown}
 i - a potion of heal wounds {unknown}
 o - a potion of curing {unknown}
 u - a potion of poison {unknown}
 v - a potion of lignification {unknown}
Comestibles
 b - 2 bread rations
 g - 2 beef jerkies
 l - 4 fruits
 n - a meat ration


   Skills:
 + Level 5.0 Fighting
 + Level 0.2 Bows
 + Level 2.2 Throwing
 + Level 4.4 Dodging
 + Level 3.1 Stealth
 + Level 5.6 Unarmed Combat


You had 6 spell levels left.
You didn't know any spells.

Dungeon Overview and Level Annotations

Branches:
Dungeon (5/15)
 Temple: D:4-7

Altars:
Fedhas

Shops:
D:4 }

Annotations:
D:4 Blork the orc


Innate Abilities, Weirdness & Mutations

You are resistant to torment.
You are immune to poison.
Your stone body is very resilient (AC +4).
You resist negative energy.
You are resistant to electric shocks.
You can survive without breathing.
You are immune to petrification.
You are immune to rotting.
You have an increased reservoir of magic (+10% MP).


Message History

The ogre is lightly wounded.
You punch the ogre!
The ogre is heavily wounded.
The ogre hits you but does no damage.
You hit the ogre.
The ogre is heavily wounded.
The ogre misses you.
You barely miss the ogre.
The ogre is heavily wounded.
You hit the ogre but do no damage.
The ogre is heavily wounded.
The ogre closely misses you.
You hit the ogre.
The ogre is heavily wounded.
You punch the ogre!
The ogre is severely wounded.
The ogre hits you with a giant spiked club!!
Ouch! That really hurt!
You die...
Fedhas appreciates your contribution to the ecosystem.

### ..# . #.# ###
#.## #.# ..# ...
#.# .g# #.##..
.O# #.#.....
######)# #.......
#..@O..# #...
#.###..# #.## #.
##..# #######.##
#. #..>#
#.......#.
#.##.#.#
#.......#.
#......#
#.......#.
####.###
#........∩
#.######......>#.
#[.............#.


You could see an ogre.

Vanquished Creatures
  An ogre (D:4)
  A centaur (D:5)
  An orc priest (D:4)
  An orc wizard (D:4)
  An iguana (D:4)
  2 hounds
  A worker ant (D:4)
  A hound skeleton (D:4)
  8 adders
  A worker ant zombie (D:5)
  A shadow imp (D:4)
  3 worms (D:2)
  7 orcs
  2 ball pythons
  16 bats
  A bat skeleton (D:4)
  6 giant cockroaches
  12 hobgoblins
  5 kobolds
  A quokka (D:2)
  6 giant geckos
  A giant gecko skeleton (D:5)
  3 giant newts
  14 goblins
  7 jackals
  5 rats
108 creatures vanquished.

Vanquished Creatures (others)
  43 toadstools
43 creatures vanquished.

Grand Total: 151 creatures vanquished

Notes
Turn   | Place    | Note
--------------------------------------------------------------
     0 | D:1      | HiobMontag, the Gargoyle Monk, began the quest for the Orb.
     0 | D:1      | Reached XP level 1. HP: 14/14 MP: 1/1
   314 | D:1      | Reached XP level 2. HP: 19/19 MP: 2/2
  1272 | D:2      | Reached XP level 3. HP: 20/24 MP: 3/3
  1617 | D:2      | Reached XP level 4. HP: 12/29 MP: 4/4
  2418 | D:2      | Found a blossoming altar of Fedhas.
  2426 | D:2      | Became a worshipper of Fedhas Madash
  2426 | D:2      | Acquired Fedhas' first power
  2426 | D:2      | Acquired Fedhas' second power
  2533 | D:3      | Gained mutation: You have an increased reservoir of magic (+10% MP). [potion of beneficial mutation]
  2777 | D:3      | Reached XP level 5. HP: 33/33 MP: 5/5
  3218 | D:4      | You fall through a shaft!
  3218 | D:5      | Entered Level 5 of the Dungeon
  3384 | D:5      | Noticed a centaur
  3398 | D:5      | Killed a centaur
  3398 | D:5      | Reached skill level 1 in Throwing
  3435 | D:5      | Reached skill level 5 in Unarmed Combat
  3524 | D:5      | Reached XP level 6. HP: 19/39 MP: 6/6
  4639 | D:4      | Noticed an ogre
  4659 | D:4      | Killed an ogre
  4659 | D:4      | Reached XP level 7. HP: 29/44 MP: 7/7
  4762 | D:4      | Found Tofus' Gadget Shoppe.
  4782 | D:4      | Noticed Blork the orc
  4873 | D:4      | Reached skill level 5 in Fighting
  4952 | D:4      | Bought a wand of invisibility (4) for 88 gold pieces
  5029 | D:4      | Noticed an ogre
  5056 | D:4      | Slain by an ogre

Action                   |  1- 3 |  4- 6 |  7- 9 || total
-------------------------+-------+-------+-------++-------
Melee: Unarmed           |   146 |   283 |    62 ||   491
 Fire: Shortbow          |       |     6 |     3 ||     9
Throw: Stone             |    15 |    72 |    12 ||    99
  Use: Scroll            |     3 |     5 |       ||     8
       Potion            |       |     2 |       ||     2
 Stab: Sleeping          |     3 |     3 |       ||     6
  Eat: Chunk             |     2 |    10 |     1 ||    13
